 Dungeon Crawl Stone Soup version 0.22-a0-469-gf26638a (webtiles) character file.

53 Tallim the Magician (level 3, -2/26 HPs)
             Began as a Gnoll Wizard on June 13, 2018.
             Slain by a kobold
             ... wielding a +0 dagger
              (3 damage)
             ... on level 2 of the Dungeon.
             The game lasted 00:09:39 (1514 turns).

Tallim the Magician (Gnoll Wizard)                  Turns: 1514, Time: 00:09:39

Health: -2/26      AC:  2    Str:  9    XL:     3   Next: 87%
Magic:  3/11       EV: 14    Int: 21    God:
Gold:   111        SH:  0    Dex: 13    Spells: 8/16 levels left

rFire    . . .     SeeInvis .   g - +0 spear
rCold    . . .     Gourm    .   (no shield)
rNeg     . . .     Faith    .   a - +0 robe
rPois    .         Spirit   .   b - +0 hat
rElec    .         Reflect  .   (no cloak)
rCorr    .         Harm     .   (no gloves)
MR       .....                  (no boots)
Stlth    +++.......             (no amulet)
HPRegen  0.08/turn              (no ring)
MPRegen  0.12/turn              (no ring)

@: very slightly contaminated
A: distributed training, fangs 1, strong nose
a: no special abilities


You were on level 2 of the Dungeon.
You were not hungry.

You visited 1 branch of the dungeon, and saw 2 of its levels.

You collected 111 gold pieces.

Inventory:

Hand Weapons
 g - a +0 spear (weapon)
Missiles
 h - a throwing net (quivered)
Armour
 a - a +0 robe (worn)
 b - a +0 hat (worn)
Scrolls
 e - 2 scrolls of enchant armour {unknown}
 f - a scroll of identify {unknown}
 i - a scroll of fear {unknown}
 j - a scroll of noise {unknown}
 k - a scroll of teleportation {unknown}
 l - a scroll of immolation {unknown}
Potions
 c - 2 potions of brilliance {unknown}
 m - a potion of lignification {unknown}
Comestibles
 d - a chunk of flesh
 n - a ration


   Skills:
 + Level 1.0 Fighting
 + Level 1.0 Short Blades
 + Level 1.0 Long Blades
 + Level 1.0 Axes
 + Level 1.0 Maces & Flails
 + Level 1.0 Polearms
 + Level 1.0 Staves
 + Level 1.0 Slings
 + Level 1.0 Bows
 + Level 1.0 Crossbows
 + Level 1.0 Throwing
 + Level 1.0 Armour
 + Level 4.6 Dodging
 + Level 4.2 Stealth
 + Level 1.0 Shields
 + Level 1.0 Unarmed Combat
 + Level 7.1 Spellcasting
 + Level 2.1 Conjurations
 + Level 0.7 Hexes
 + Level 0.7 Charms
 + Level 2.1 Summonings
 + Level 0.7 Necromancy
 + Level 2.1 Translocations
 + Level 0.7 Transmutations
 + Level 0.7 Fire Magic
 + Level 0.7 Ice Magic
 + Level 0.7 Air Magic
 + Level 0.7 Earth Magic
 + Level 0.7 Poison Magic
 + Level 1.0 Invocations
 + Level 1.0 Evocations


You had 8 spell levels left.
You knew the following spells:

 Your Spells              Type           Power        Failure   Level  Hunger
a - Magic Dart            Conj           ###.         3%          1    None
b - Blink                 Tloc           N/A          5%          2    None
c - Call Imp              Summ           ###.....     5%          2    None
d - Mephitic Cloud        Conj/Pois/Air  ##......     16%         3    None

Your spell library contained the following spells:

 Spells                   Type           Power        Failure   Level  Hunger
 Conjure Flame            Conj/Fire      ##......     14%         3    None
 Slow                     Hex            ##......     10%         2    None


Dungeon Overview and Level Annotations

Branches:
Dungeon (2/15)

Altars:
Okawaru


Innate Abilities, Weirdness & Mutations

Your experience applies equally to all skills.
You have very sharp teeth.
Your uncanny sense of smell can sniff out nearby items.


Message History

Your Long Blades skill increases to level 1!
Your Axes skill increases to level 1!
Your Maces & Flails skill increases to level 1!
Your Polearms skill increases to level 1!
Your Staves skill increases to level 1!
Your Slings skill increases to level 1!
Your Bows skill increases to level 1!
Your Crossbows skill increases to level 1!
Your Throwing skill increases to level 1!
Your Armour skill increases to level 1!
Your Shields skill increases to level 1!
Your Unarmed Combat skill increases to level 1!
Your Evocations skill increases to level 1!
The kobold barely misses you. The kobold hits you with a dagger.
* * * LOW HITPOINT WARNING * * *
The kobold completely misses you. The kobold hits you with a dagger.
* * * LOW HITPOINT WARNING * * *
The kobold hits you with a dagger.
You die...

#.### #........# ####...#
####........ # ###....#.#
#.....##..!## .. †...####.#
#.....#.....#... #...#....#
#........_..... ....#.####
####.....#.....#
#.....#########.##.....##...##..#
.....#..........##........†.....#
................@K.......†.......
................##.....##.......#
##..............##.....##.......#
##.....)...#.##.###....##.#..##.#
.......<............#####.#..# #
.........†........... #.#..#
.##........#.##+#..##. #.#.##
.###.#.......# ...# . .#
#.##.#..#.# ∆


You could see a kobold.

Vanquished Creatures
  4 dart slugs
  3 leopard geckos
  6 bats
  2 giant cockroaches
  2 goblins
  4 hobgoblins
  7 jackals
  5 kobolds
  A ball python (D:1)
  2 frilled lizards (D:1)
  3 rats (D:1)
39 creatures vanquished.

Notes
Turn   | Place    | Note
-------+----------+-------------------------------------------
     0 | D:1      | Tallim the Gnoll Wizard began the quest for the Orb.
     0 | D:1      | Reached XP level 1. HP: 13/13 MP: 8/8
   149 | D:1      | Reached XP level 2. HP: 4/19 MP: 7/10
   454 | D:1      | Learned a level 2 spell: Blink
   457 | D:1      | Learned a level 2 spell: Call Imp
   770 | D:1      | Reached XP level 3. HP: 25/25 MP: 5/11
  1315 | D:2      | Reached skill level 1 in Invocations
  1465 | D:2      | Learned a level 3 spell: Mephitic Cloud
  1470 | D:2      | Found an iron altar of Okawaru.
  1509 | D:2      | Reached skill level 1 in Fighting
  1509 | D:2      | Reached skill level 1 in Short Blades
  1509 | D:2      | Reached skill level 1 in Long Blades
  1509 | D:2      | Reached skill level 1 in Axes
  1509 | D:2      | Reached skill level 1 in Maces & Flails
  1509 | D:2      | Reached skill level 1 in Polearms
  1509 | D:2      | Reached skill level 1 in Staves
  1509 | D:2      | Reached skill level 1 in Slings
  1509 | D:2      | Reached skill level 1 in Bows
  1509 | D:2      | Reached skill level 1 in Crossbows
  1509 | D:2      | Reached skill level 1 in Throwing
  1509 | D:2      | Reached skill level 1 in Armour
  1509 | D:2      | Reached skill level 1 in Shields
  1509 | D:2      | Reached skill level 1 in Unarmed Combat
  1509 | D:2      | Reached skill level 1 in Evocations
  1513 | D:2      | HP: 1/26 [kobold/dagger (1)]
  1514 | D:2      | Slain by a kobold

Vault maps used:
D:1:      saegor_arrival_simple_c
D:2:      okawaru_gym_becter, first_ration, minmay_misc_feat_secret_circle,
          uniq_jessica

Skill      XL: |  1  2  3 |
---------------+----------+-----
Conjurations   | 2 |  2.1
Summonings     | 2 |  2.1
Translocations | 2 |  2.1
Invocations    | 1 |  1.0
Fighting       | 1 |  1.0
Short Blades   | 1 |  1.0
Long Blades    | 1 |  1.0
Axes           | 1 |  1.0
Maces & Flails | 1 |  1.0
Polearms       | 1 |  1.0
Staves         | 1 |  1.0
Slings         | 1 |  1.0
Bows           | 1 |  1.0
Crossbows      | 1 |  1.0
Throwing       | 1 |  1.0
Armour         | 1 |  1.0
Shields        | 1 |  1.0
Unarmed Combat | 1 |  1.0
Evocations     | 1 |  1.0
Dodging        | |  4.6
Stealth        | |  4.2
Spellcasting   | |  7.1
Hexes          | |  0.7
Charms         | |  0.7
Necromancy     | |  0.7
Transmutations | |  0.7
Fire Magic     | |  0.7
Ice Magic      | |  0.7
Air Magic      | |  0.7
Earth Magic    | |  0.7
Poison Magic   | |  0.7

Action                   || total
-------------------------++-------
Melee: Unarmed           ||     7
       Spear             ||    57
       Bite              ||     3
 Cast: Magic Dart        ||    67
       Mephitic Cloud    ||     1
  Eat: Ration            ||     1
Armor: Robe              ||    20
Dodge: Dodged            ||    86

Table legend:
 A = Spawn XP
 B = Non-spawn XP
 C = Spawn XP percentage of total XP
 D = Spawn monster count
 E = Non-spawn monster count
 F = Spawn count percentage of total count
 G = Total turns spent on level
                    A         B        C        D         E        F      G
               +---------+---------+-------+---------+---------+-------+---------
         Total |       0 |      76 |   0.0 |       0 |      39 |   0.0 |  1514
               +---------+---------+-------+---------+---------+-------+---------
           D:1 |       0 |      46 |   0.0 |       0 |      25 |   0.0 |  1300
           D:2 |       0 |      30 |   0.0 |       0 |      14 |   0.0 |   214
               +---------+---------+-------+---------+---------+-------+---------
